 Dungeon Crawl Stone Soup version 0.31-a0-185-g9dded2c639 (webtiles) character file.

Game seed: 18110593184023450222

12 qw the Shooter (level 2, -3/16 HPs)
             Began as a Deep Elf Hunter on June 22, 2023.
             Slain by Natasha (6 damage)
             ... on level 2 of the Dungeon.
             The game lasted 00:00:11 (868 turns).

qw the Shooter (Deep Elf Hunter)                     Turns: 868, Time: 00:00:11

Health: -3/16      AC:  5    Str:  8    XL:     2   Next: 20%
Magic:  4/4        EV: 10    Int: 13    God:
Gold:   88         SH:  0    Dex: 18    Spells: 1/1 levels left

rFire   . . .        Y - +0 shortbow
rCold   . . .        (shield currently unavailable)
rNeg    . . .        k - +0 ring mail
rPois   .            (no helmet)
rElec   .            (no cloak)
rCorr   .            (no gloves)
SInv    .            (no boots)
Will    .....        (no amulet)
Stlth   +            (no ring)
HPRegen 0.22/turn    (no ring)
MPRegen 0.09/turn

%: no passive effects
@: slowed, very slow
A: no striking features
a: no special abilities


You were on level 2 of the Dungeon.
You visited 1 branch of the dungeon, and saw 2 of its levels.

You collected 88 gold pieces.


   Skills:
 - Level 1.5 Fighting
 + Level 6.1 Ranged Weapons
 - Level 2.4 Dodging
 - Level 1.2 Stealth


You had one spell level left.
You didn't know any spells.
Your spell library was empty.

Inventory:

Hand Weapons
 Y - a +0 shortbow (weapon)
Armour
 k - a +0 ring mail (worn)
Scrolls
 f - 2 scrolls of identify
Potions
 e - a potion of might {unknown}
 i - a potion of curing {unknown}

Dungeon Overview and Level Annotations

Branches:
Dungeon (2/15)

Altars:

Annotations:
D:2 Natasha


Message History

You shoot an arrow.
The arrow hits the hobgoblin but does no damage.
You shoot an arrow. The arrow hits the hobgoblin.
The hobgoblin is heavily wounded.
You shoot an arrow. The arrow hits the hobgoblin!
You kill the hobgoblin!
A frilled lizard comes into view.
Found 8 gold pieces.
The frilled lizard hisses angrily.
You shoot an arrow.
The arrow barely misses the frilled lizard.
You feel your willpower return.
You shoot an arrow. The arrow hits the frilled lizard.
The frilled lizard is severely wounded.
You shoot an arrow. The arrow hits the frilled lizard.
You kill the frilled lizard!
You now have 88 gold pieces (gained 8).
Found a stone staircase leading up.
f - 2 scrolls of identify (gained 1) Natasha, Servant of Life and Death comes into view.
You shoot an arrow. The arrow hits Natasha!
Natasha hisses angrily.
Natasha is heavily wounded.
Natasha casts a spell at you.
You feel yourself slow down.
You shoot an arrow.
The arrow hits Natasha but does no damage.
Natasha is heavily wounded.
Natasha casts a spell at you. The magic dart hits you!
Ouch! That really hurt!
You shoot an arrow. The arrow hits Natasha.
Natasha is severely wounded.
A bat comes into view.
Natasha claws you.
You shoot an arrow.
The arrow hits Natasha but does no damage.
Natasha is severely wounded.
Natasha claws you. x2
You die...

.... ........#.# ####.##
#..#################.#.###.....#
#........#.#.............#.#####
#...##.#.#.#.#######.#####.####
.....[.#......................#
#..........#.#######.##########
#.............. #.#
#......#.#.###.#####.#
...........#..bh@....#
...........#.#.#######
.#.........#.. .......###.#. #


You could see Natasha and a bat.

Vanquished Creatures
  4 goblins (D:1)
  2 hobgoblins
  A ball python (D:2)
  A frilled lizard (D:2)
  3 kobolds (D:1)
11 creatures vanquished.

Notes
Turn   | Place    | Note
-------+----------+-------------------------------------------
     0 | D:1      | qw the Deep Elf Hunter began the quest for the Orb.
     0 | D:1      | Reached XP level 1. HP: 12/12 MP: 3/3
     0 | D:1      | 0 ||| qw: Version: 0.3-a-9-g12657ce
     0 | D:1      | 0 ||| qw: Game counter: 1739
     0 | D:1      | 0 ||| qw: Always use a shield: true
     0 | D:1      | 0 ||| qw: God list: Okawaru
     0 | D:1      | 0 ||| qw: Allow faded altars: false
     0 | D:1      | 0 ||| qw: Do Orc after D:15 true
     0 | D:1      | 0 ||| qw: Do second Lair branch before Depths: true
     0 | D:1      | 0 ||| qw: Lair rune preference: random
     0 | D:1      | 0 ||| qw: Plans: Normal
     0 | D:1      | 0 ||| PLANNING D:1-11
   326 | D:1      | Reached skill level 6 in Ranged Weapons
   326 | D:1      | Reached XP level 2. HP: 16/16 MP: 4/4
   618 | D:1      | Found a faded altar of an unknown god.
   734 | D:1      | 734 ||| UPGRADING to +0 scale mail.
   744 | D:1      | 744 ||| DROPPING +0 leather armour.
   745 | D:1      | 745 ||| UPGRADING to +0 ring mail.
   755 | D:1      | 755 ||| DROPPING +0 scale mail.
   756 | D:1      | 756 ||| DROPPING ring of flight.
   757 | D:1      | 757 ||| READING scroll labelled EZOHAMMU ZAERPH.
   758 | D:1      | 758 ||| READING 2 scrolls labelled RATROGHAMP.
   759 | D:1      | 759 ||| READING scroll labelled ZIACYTZYDDE.
   760 | D:1      | 760 ||| DROPPING scroll of butterflies.
   864 | D:2      | Noticed Natasha
   868 | D:2      | HP: 3/16 [Natasha (4)]
   868 | D:2      | Slain by Natasha

Levels and vault maps discovered:
D:1:      dpeg_arrival_rooms_a, layout_loops_ring,
          dreamdust_ecumenical_altar_angels_and_demons
D:2:      layout_basic, uniq_jessica, uniq_natasha

Skill      XL: |  1 |
---------------+----+-----
Ranged Weapons | 6 |  6.1
Fighting       | |  1.5
Dodging        | |  2.4
Stealth        | |  1.2

Action                     || total
---------------------------++-------
   Fire: Shortbow          ||    31
    Use: Scroll            ||     3
 Armour: Leather armour    ||     1
  Dodge: Dodged            ||     2

Table legend:
 A = Non-vault XP
 B = Vault XP
 C = Vault XP percentage of total XP
 D = Non-vault monster count
 E = Vault monster count
 F = Vault count percentage of total count
                 A         B        C        D         E       F
            +---------+---------+-------+---------+---------+-------
      Total |      18 |       0 |   0.0 |      11 |       0 |   0.0
            +---------+---------+-------+---------+---------+-------
        D:1 |      14 |       0 |   0.0 |       8 |       0 |   0.0
        D:2 |       4 |       0 |   0.0 |       3 |       0 |   0.0
            +---------+---------+-------+---------+---------+-------
